 Dungeon Crawl Stone Soup version 0.23.2-1-ga50397a6bc (webtiles) character file.

Game seed: 4637278770145005961

324 KoningWillie the Shield-Bearer (level 6, 0/52 HPs)
             Began as a Hill Orc Fighter on May 28, 2019.
             Was an Initiate of Trog.
             Slain by an iguana (8 damage)
             ... on level 5 of the Dungeon.
             The game lasted 00:06:19 (3054 turns).

KoningWillie the Shield-Bearer (Hill Orc Fighter)   Turns: 3054, Time: 00:06:19

Health: 0/52       AC: 13    Str: 26    XL:     6   Next: 48%
Magic:  6/6        EV:  5    Int:  8    God:    Trog [......]
Gold:   193        SH: 10    Dex: 10    Spells: 5/5 levels left

rFire    . . .     SeeInvis .   a - +0 long sword
rCold    . . .     Gourm    .   c - +0 shield
rNeg     . . .     Faith    .   h - +0 plate armour
rPois    .         Spirit   .   (no helmet)
rElec    .         Reflect  .   (no cloak)
rCorr    .         Harm     .   (no gloves)
MR       +....                  e - +0 pair of boots
Stlth    ..........             t - amulet of the acrobat
HPRegen  0.17/turn              g - ring of protection from magic
MPRegen  0.10/turn              (no ring)

@: mighty
A: no striking features
a: Renounce Religion


You were on level 5 of the Dungeon.
You worshipped Trog.
Trog was noncommittal.
You were not hungry.

You visited 1 branch of the dungeon, and saw 5 of its levels.

You collected 217 gold pieces.
You spent 24 gold pieces at shops.

Inventory:

Hand Weapons
 a - a +0 long sword (weapon)
 n - a +0 halberd
Armour
 b - a +0 scale mail
 c - a +0 shield (worn)
 e - a +0 pair of boots (worn)
 h - a +0 plate armour (worn)
Jewellery
 g - a ring of protection from magic (left hand)
 t - an amulet of the acrobat (around neck)
Wands
 j - a wand of digging (5)
Scrolls
 i - a scroll of remove curse
 k - 3 scrolls of teleportation
 m - a scroll of enchant weapon {unknown}
 p - a scroll of fear {unknown}
 r - 2 scrolls of enchant armour {unknown}
 s - a scroll of fog {unknown}
Potions
 l - 4 potions of agility
 o - a potion of ambrosia
 q - a potion of haste {unknown}
 u - a potion of flight {unknown}
Comestibles
 f - 5 rations


   Skills:
 + Level 4.2 Fighting
 + Level 4.5 Long Blades
 + Level 4.6 Armour
 + Level 0.2 Stealth
 + Level 5.3 Shields


You had 5 spell levels left.
You didn't know any spells.
Your spell library contained the following spells:

 Spells                   Type           Power        Failure   Level  Hunger
 Animate Skeleton         Necr           N/A          100%        1    ##.....
 Apportation              Tloc           #.....       100%        1    ##.....
 Confusing Touch          Hex            #.....       100%        1    ##.....
 Summon Small Mammal      Summ           #...         100%        1    ##.....


Dungeon Overview and Level Annotations

Branches:
Dungeon (5/15)             Temple (0/1) D:4

Altars:
Elyvilon
Hepliaklqana
Trog
Yredelemnul

Shops:
D:4 *


Message History

* * * LOW HITPOINT WARNING * * *
Your shield and plate armour prevent you from hitting the orc.
The orc is heavily wounded.
The orc barely misses you. You block the adder zombie's attack.
The iguana bites you.
* * * LOW HITPOINT WARNING * * *
You hit the orc.
You kill the orc!
Trog accepts your kill. The adder zombie bites you.
* * * LOW HITPOINT WARNING * * *
The iguana barely misses you.
The adder zombie bites you but does no damage.
You feel very mighty all of a sudden. You block the iguana's attack.
The adder zombie bites you but does no damage.
You slash the iguana!
The iguana is almost dead.
The iguana bites you!
You die...

#. .. #.. . ..
.## # ....#.#
.#.#.## .....
#)#.# #
###@#.#.#
#.Zl..#.#
#.......#
#.....###
#####....>#
.!.....<#...#
##.[....#.#....
#...##.#.###..
#.... ..# # #


You could see an iguana and an adder zombie.

Vanquished Creatures
  A scorpion (D:4)
  A hound (D:4)
  A bullfrog skeleton (D:4)
  A worker ant (D:2)
  2 orc wizards (D:5)
  3 gnolls
  2 adders (D:2)
  2 oozes (D:1)
  A worm (D:4)
  3 dart slugs
  3 leopard geckos
  6 orcs
  A ball python (D:2)
  4 bats
  6 giant cockroaches
  2 goblins
  6 hobgoblins
  5 jackals (D:2)
  2 kobolds
  3 quokkas
  4 frilled lizards
  A leopard gecko skeleton (D:4)
  6 rats
66 creatures vanquished.

Notes
Turn   | Place    | Note
-------+----------+-------------------------------------------
     0 | D:1      | KoningWillie the Hill Orc Fighter began the quest for the
                  | Orb.
     0 | D:1      | Reached XP level 1. HP: 19/19 MP: 1/1
   318 | D:1      | Reached XP level 2. HP: 23/27 MP: 2/2
   625 | D:1      | Reached XP level 3. HP: 29/33 MP: 3/3
   801 | D:2      | Reached skill level 4 in Shields
   962 | D:2      | Reached XP level 4. HP: 32/40 MP: 4/4
  1565 | D:3      | Reached XP level 5. HP: 18/46 MP: 5/5
  2180 | D:3      | Reached skill level 5 in Shields
  2541 | D:4      | Reached XP level 6. HP: 38/52 MP: 6/6
  2632 | D:4      | Found a bloodstained altar of Trog.
  2646 | D:4      | Found a basalt altar of Yredelemnul.
  2649 | D:4      | Found a white marble altar of Elyvilon.
  2649 | D:4      | Found a hazy altar of Hepliaklqana.
  2653 | D:4      | Became a worshipper of Trog the Wrathful
  2896 | D:4      | Found Leatusac's General Store.
  2899 | D:4      | Found a staircase to the Ecumenical Temple.
  2902 | D:4      | Bought a scroll of identify for 24 gold pieces
  3029 | D:5      | Entered Level 5 of the Dungeon
  3054 | D:5      | Slain by an iguana

Skill      XL: |  1  2  3  4  5  6 |
---------------+-------------------+-----
Shields        | 4 5 |  5.3
Armour         | 4 |  4.6
Long Blades    | 3 4 |  4.5
Fighting       | 4 |  4.2
Stealth        | |  0.2

Action                   |  1- 3 |  4- 6 || total
-------------------------+-------+-------++-------
Melee: Long sword        |   103 |   198 ||   301
  Use: Scroll            |       |     7 ||     7
       Potion            |       |     1 ||     1
  Eat: Ration            |       |     3 ||     3
Armor: Scale mail        |     9 |       ||     9
       Plate armour      |    73 |   138 ||   211
Dodge: Dodged            |    21 |    46 ||    67
Block: Shield            |    80 |   129 ||   209
       Rpst.: Long sword |     7 |    15 ||    22
